 Dungeon Crawl Stone Soup version 0.21.1-1-g345015fe64 (webtiles) character file.

3342 Gargoyl the Agent of Entropy (level 9, -1/111 HPs)
             Began as a Centaur Abyssal Knight on May 15, 2018.
             Was a Priest of Lugonu.
             Succumbed to a killer bee's poison
             ... on level 8 of the Dungeon.
             The game lasted 00:15:01 (8689 turns).

Gargoyl the Agent of Entropy (CeAK)                 Turns: 8689, Time: 00:15:02

Health: -1/111     AC: 24    Str: 16    XL:     9   Next: 72%
Magic:  5/14       EV:  1    Int: 11    God:    Lugonu [***...]
Gold:   467        SH: 14    Dex: 11    Spells: 8/8 levels left

rFire    . . .     SeeInvis +   b - +0 hand axe (chop)
rCold    . . .     Gourm    .   l - +5 shield
rNeg     + + +     Faith    .   (armour currently unavailable)
rPois    +         Spirit   .   (helmet currently unavailable)
rElec    .         Reflect  .   (cloak currently unavailable)
rCorr    .         Harm     .   (gloves currently unavailable)
MR       +....     NoTele   +   (no barding)
Stlth    +.........             t - amulet of regeneration
HPRegen  0.68/turn              f - ring of protection from magic
MPRegen  0.14/turn              s - ring of see invisible

@: lethally poisoned (-1 -> -5), tree-form (expiring)
A: large
a: Depart the Abyss, Bend Space, Banish, Renounce Religion


You were on level 8 of the Dungeon.
You worshipped Lugonu.
Lugonu was most pleased with you.
You were not hungry.
You were a tree.
You visited 1 branch of the dungeon, and saw 8 of its levels.
You visited the Abyss 1 time.

You collected 467 gold pieces.

Inventory:

Hand Weapons
 a - a +1 hand axe
 b - a +0 hand axe of chopping (weapon)
Missiles
 y - 4 javelins (quivered)
Armour
 e - a +0 plate armour (melded)
 l - a +5 shield (worn)
 o - a +1 cloak (melded)
 p - a +1 pair of gloves (melded)
Jewellery
 f - a ring of protection from magic (left branch)
 s - a ring of see invisible (right branch)
 t - an amulet of regeneration (around neck)
 v - a +6 amulet of reflection
Wands
 i - a wand of digging (17)
 k - a wand of acid (13)
Scrolls
 d - a scroll of magic mapping
 m - a scroll of identify
 r - 8 scrolls of teleportation
 u - a scroll of blinking
 w - a scroll of amnesia
 x - a scroll of remove curse
Potions
 g - a potion of invisibility
 h - a potion of haste
 j - 3 potions of brilliance
 n - a potion of flight
 z - a potion of might
Comestibles
 c - 22 rations
 A - 2 chunks of flesh


   Skills:
 + Level 5.2 Fighting
 + Level 6.1 Axes
 * Level 5.1 Armour
 + Level 2.2 Dodging
 + Level 4.7 Shields
 * Level 7.0 Invocations


You had 8 spell levels left.
You didn't know any spells.

Dungeon Overview and Level Annotations

Branches:
Dungeon (8/15)             Temple (0/1) D:6
   Lair: D:8-11

Altars:
Ashenzari
Cheibriados
Dithmenos
Fedhas
Gozag
Hepliaklqana
Kikubaaqudgha
Okawaru
Qazlal
Uskayaw
Xom
Zin
The Shining One

Shops:
D:8 (


Innate Abilities, Weirdness & Mutations

((You have hooves in place of feet.))
((Armour fits poorly on your strangely shaped body.))
((You cover ground very quickly.))
((You have extremely tough skin. (AC +3)))


Message History

Unknown command.
You barely miss the killer bee.
The killer bee is moderately wounded.
* * * LOW HITPOINT WARNING * * *
You feel sick. You block the killer bee's attack.
The killer bee stings you but does no damage.
You barely miss the killer bee.
The killer bee is moderately wounded.
* * * LOW HITPOINT WARNING * * *
You feel sick. You block the killer bee's attack. x2
Unknown command.
You miss the killer bee.
The killer bee is moderately wounded.
* * * LOW HITPOINT WARNING * * *
You feel sick.
The killer bee stings you but does no damage. x2
You slash the killer bee!
The killer bee is almost dead.
Your transformation is almost over.
You die...

#...##..................
#..8.∩.8..............#
##....####..###########
##.#.8# #..## #..#..#
#...# ##.##### ##..#
#..###### ....#
##.###$?(##.#..# #..#
#=#♣#...#
##.####''y#.#.#..#
#................#
#.##....#.#+++##.# #..
###....# # #.# #...## .#
##### #. .#


You could see a killer bee.

Vanquished Creatures
  Pikel (D:7)
  Sigmund (D:3)
  Eustachio (D:4)
  A spriggan (D:7)
  Menkaure (D:7)
  2 ice beasts (D:6)
  A phantom (D:6)
  An ogre (D:5)
  3 orc warriors
  A slave (D:7)
  2 centaurs
  2 bullfrogs
  A water moccasin skeleton (D:8)
  A killer bee (D:8)
  A jelly (D:5)
  2 crimson imps
  5 hounds
  3 orc priests
  Crazy Yiuf (D:3)
  2 bullfrog skeletons
  9 orc wizards
  An iguana (D:5)
  12 worker ants
  A hound skeleton (D:6)
  A hound zombie (D:8)
  6 adders
  A howler monkey skeleton (D:5)
  A shadow imp (D:7)
  2 oozes (D:4)
  2 adder skeletons
  A worm (D:2)
  2 dart slugs (D:4)
  6 leopard geckos
  22 orcs
  9 giant cockroaches
  10 goblins
  6 hobgoblins
  16 jackals
  4 quokkas
  A ball python (D:1)
  10 bats
  5 frilled lizards
  A jackal skeleton (D:5)
  5 kobolds
  A quokka skeleton (D:4)
  A quokka zombie (D:5)
  8 rats
177 creatures vanquished.

Vanquished Creatures (others)
  3 killer bees (D:8)
3 creatures vanquished.

Grand Total: 180 creatures vanquished

Notes
Turn   | Place    | Note
-------+----------+-------------------------------------------
     0 | Abyss:1  | Gargoyl the Centaur Abyssal Knight began the quest for the Orb.
     0 | Abyss:1  | Reached XP level 1. HP: 19/19 MP: 2/2
     5 | Abyss:1  | Found a corrupted altar of Lugonu.
   111 | Abyss:1  | Noticed a large abomination
   118 | Abyss:1  | Noticed a chaos spawn
   125 | Abyss:1  | Noticed a ynoxinul
   128 | D:1      | Escaped the Abyss
   334 | D:1      | Reached XP level 2. HP: 24/26 MP: 3/3
   500 | D:1      | Reached * piety under Lugonu
   658 | D:1      | Found a snail-covered altar of Cheibriados.
  1126 | D:2      | Reached XP level 3. HP: 31/31 MP: 4/4
  1228 | D:2      | Found a shadowy altar of Dithmenos.
  1556 | D:2      | Reached XP level 4. HP: 12/39 MP: 5/5
  1925 | D:2      | Reached ** piety under Lugonu
  2054 | D:2      | Found an ancient bone altar of Kikubaaqudgha.
  2095 | D:2      | Found a snail-covered altar of Cheibriados.
  2095 | D:2      | Found a shimmering altar of Xom.
  2208 | D:3      | Reached skill level 1 in Dodging
  2331 | D:3      | Found a glowing golden altar of the Shining One.
  2363 | D:3      | Reached XP level 5. HP: 42/46 MP: 7/7
  2468 | D:3      | Reached skill level 1 in Shields
  2468 | D:3      | Reached skill level 3 in Invocations
  2669 | D:3      | Found a stormy altar of Qazlal.
  2727 | D:3      | Noticed Sigmund
  2884 | D:3      | Killed Sigmund
  2884 | D:3      | Reached XP level 6. HP: 52/52 MP: 8/8
  3019 | D:3      | Found a hazy altar of Hepliaklqana.
  3051 | D:3      | Found a runed door.
  3472 | D:3      | Noticed Crazy Yiuf
  3482 | D:3      | Killed Crazy Yiuf
  3776 | D:4      | Found a shattered altar of Ashenzari.
  3947 | D:4      | Reached skill level 4 in Invocations
  3947 | D:4      | Reached XP level 7. HP: 59/59 MP: 8/10
  4086 | D:4      | Reached *** piety under Lugonu
  4388 | D:4      | Noticed Eustachio
  4509 | D:4      | Killed Eustachio
  5332 | D:5      | Entered Level 5 of the Dungeon
  5544 | D:5      | Reached XP level 8. HP: 58/66 MP: 11/11
  5714 | D:5      | You fall through a shaft!
  5714 | D:6      | Found a staircase to the Ecumenical Temple.
  5795 | D:6      | Reached skill level 5 in Invocations
  6205 | D:6      | Reached skill level 5 in Axes
  6656 | D:6      | Reached XP level 9. HP: 72/72 MP: 13/13
  7122 | D:7      | Reached skill level 6 in Invocations
  7548 | D:7      | Noticed Menkaure
  7563 | D:7      | Killed Menkaure
  7729 | D:7      | Found an opulent altar of Gozag.
  7737 | D:7      | Found a hide-covered altar of Uskayaw.
  7765 | D:7      | Found a blossoming altar of Fedhas.
  7803 | D:7      | Noticed Pikel
  7846 | D:7      | Killed Pikel
  7846 | D:7      | Reached skill level 5 in Fighting
  7967 | D:7      | Found a glowing silver altar of Zin.
  7968 | D:7      | Found an iron altar of Okawaru.
  7968 | D:7      | Found a stormy altar of Qazlal.
  8426 | D:8      | Reached **** piety under Lugonu
  8527 | D:8      | Reached skill level 5 in Armour
  8627 | D:8      | Found Xatyrhod's Antique Weapon Emporium.
  8677 | D:8      | Reached skill level 7 in Invocations
  8684 | D:8      | HP: 5/111 [poisoned by a killer bee]
  8686 | D:8      | HP: 2/111 [poisoned by a killer bee]
  8689 | D:8      | Succumbed to a killer bee's poison

Skill      XL: |  1  2  3  4  5  6  7  8  9 |
---------------+----------------------------+-----
Axes           | 2 3 4 5 6 |  6.1
Armour         | 2 3 4 5 |  5.1
Dodging        | 1 2 |  2.2
Shields        | 1 2 3 4 |  4.7
Invocations    | 3 4 5 7 |  7.0
Fighting       | 4 5 |  5.2

Action                   |  1- 3 |  4- 6 |  7- 9 || total
-------------------------+-------+-------+-------++-------
Melee: Hand axe          |   105 |   173 |   509 ||   787
       Kick              |    10 |    21 |   111 ||   142
Throw: Javelin           |       |       |     4 ||     4
Invok: Depart the Abyss  |     1 |       |       ||     1
       Banish            |       |       |     3 ||     3
  Use: Scroll            |    10 |     8 |     8 ||    26
       Potion            |     2 |     1 |     4 ||     7
  Eat: Ration            |     1 |     1 |     1 ||     3
       Chunk             |       |     4 |     8 ||    12
Armor: Leather armour    |    65 |    56 |     3 ||   124
       Scale mail        |       |       |    39 ||    39
       Plate armour      |       |       |   238 ||   238
       Skin              |       |       |     5 ||     5
Dodge: Dodged            |    49 |    43 |    40 ||   132
Block: Shield            |    58 |   103 |   370 ||   531
